 Dungeon Crawl Stone Soup version 0.18.1-50-g88ac8fd (webtiles) character file.

56 Drunkenshrew the Charmwright (level 3, -1/25 HPs)
             Began as a High Elf Skald on Sept 15, 2016.
             Slain by an orc
             ... wielding a +0 hand axe
              (2 damage)
             ... on level 3 of the Dungeon.
             The game lasted 00:12:36 (1906 turns).

Drunkenshrew the Charmwright (High Elf Skald)       Turns: 1906, Time: 00:12:37

Health: -1/25      AC:  9    Str: 11    XL:     3   Next: 69%
Magic:  7/8        EV:  6    Int: 16    God:
Gold:   51         SH:  0    Dex: 15    Spells: 1 memorised, 7 levels left

rFire  . . .     SeeInvis .     a - +1 falchion
rCold  . . .     Gourm    .     b - +0 leather armour
rNeg   . . .     Faith    .     (no shield)
rPois  .         Spirit   .     (no helmet)
rElec  .         Dismiss  .     (no cloak)
rCorr  .         Reflect  .     l - +0 pair of gloves
SustAt .         Harm     .     (no boots)
MR     .....                    (no amulet)
Stlth  +.........               (no ring)
                                h - +5 ring of protection

@: very slightly contaminated, not resistant to hostile enchantments, very
unstealthy
A: no striking features
a: no special abilities


You were on level 3 of the Dungeon.
You were not hungry.

You visited 1 branch of the dungeon, and saw 3 of its levels.

You collected 51 gold pieces.

Inventory:

Hand Weapons
 a - a +1 falchion (weapon)
Armour
 b - a +0 leather armour (worn)
 l - a +0 pair of gloves (worn)
Jewellery
 h - a +5 ring of protection (left hand)
 p - an uncursed ring of resist corrosion {unknown}
Potions
 e - a potion of haste {unknown}
 f - 2 potions of berserk rage {unknown}
 g - a potion of heal wounds {unknown}
 i - a potion of degeneration {unknown}
 k - 2 potions of invisibility {unknown}
 m - a potion of flight {unknown}
Books
 c - a book of Battle

   Spells                             Type                      Level
   a - Infusion                       Charms                       1
   b - Shroud of Golubria             Charms/Translocation         2
   c - Song of Slaying                Charms                       2
   d - Spectral Weapon                Hexes/Charms                 3
   e - Regeneration                   Charms/Necromancy            3
Comestibles
 d - a bread ration
 j - 4 fruits


   Skills:
 + Level 2.5 Fighting
 + Level 2.8 Long Blades
 - Level 0.8 Armour
 - Level 1.1 Dodging
 * Level 3.2 Spellcasting
 * Level 4.4 Charms


You had 7 spell levels left.
You knew the following spells:

 Your Spells              Type           Power        Failure   Level  Hunger
a - Infusion              Chrm           ###.         4%          1    None


Dungeon Overview and Level Annotations

Branches:
Dungeon (3/15)

Altars:
Nemelex Xobeh


Message History

You hit the orc wizard.
The orc wizard is moderately wounded.
The orc hits you with a flail. The orc closely misses you. The orc hits you.
You hit the orc wizard.
The orc wizard is heavily wounded.
The orc closely misses you.
The orc priest calls down the wrath of Beogh upon you.
Pain shoots through your body!
Ouch! That really hurt!
* * * LOW HITPOINT WARNING * * *
The orc hits you with a hand axe.
* * * LOW HITPOINT WARNING * * *
The orc closely misses you.
The orc wizard casts a spell.
The orc wizard flickers and vanishes!
Deactivating autopickup; reactivate with Ctrl-A.
The orc hits you with a flail.
* * * LOW HITPOINT WARNING * * *
The orc hits you but does no damage. The orc hits you with a hand axe.
You die...

#######
.......
.......
.......
....$..
.......##
......o{#
......o@#
......oo#
.........
..........
..##.......
# #....###.
#....# .#
#..... #


You could see an orc priest and 3 orcs.

Vanquished Creatures
  2 adders (D:2)
  An ooze (D:2)
  2 worms (D:2)
  A dart slug (D:2)
  A giant cockroach (D:2)
  4 goblins
  5 hobgoblins
  A ball python (D:2)
  3 bats
  A giant newt (D:1)
  A kobold (D:1)
  4 rats
26 creatures vanquished.

Notes
Turn   | Place    | Note
--------------------------------------------------------------
     0 | D:1      | Drunkenshrew the High Elf Skald began the quest for the Orb.
     0 | D:1      | Reached XP level 1. HP: 14/14 MP: 4/4
   287 | D:1      | Reached skill level 4 in Charms
   357 | D:1      | Reached XP level 2. HP: 19/19 MP: 4/6
   401 | D:1      | Found a sparkling altar of Nemelex Xobeh.
   858 | D:2      | Reached XP level 3. HP: 11/25 MP: 2/8
  1169 | D:2      | Found a sparkling altar of Nemelex Xobeh.
  1905 | D:3      | HP: 1/25 [orc/hand axe (1)]
  1906 | D:3      | Slain by an orc

Skill      XL: |  1  2 |
---------------+-------+-----
Charms         | 4 |  4.4
Spellcasting   | 3 |  3.2
Fighting       | |  2.5
Long Blades    | |  2.8
Armour         | |  0.8
Dodging        | |  1.1

Action                   || total
-------------------------++-------
Melee: Falchion          ||    72
 Cast: Infusion          ||    17
  Use: Scroll            ||     7
  Eat: Bread ration      ||     1
Armor: Leather armour    ||    17
Dodge: Dodged            ||    45
